 Dungeon Crawl Stone Soup version 0.29-a0-520-gc852659d43 (webtiles) character file.

Game seed: 3900247125705086663

3467 MechDurjaeses the Protected (level 10, -3/73 HPs)
             Began as a Gnoll Wanderer on June 1, 2022.
             Was a Believer of Okawaru.
             Slain by a vampire (8 damage)
             ... on level 9 of the Dungeon.
             The game lasted 01:38:57 (9906 turns).

MechDurjaeses the Protected (Gnoll Wanderer)        Turns: 9906, Time: 01:38:57

Health: -3/73      AC: 16    Str: 12    XL:     10   Next: 6%
Magic:  20/20      EV: 14    Int: 12    God:    Okawaru [**....]
Gold:   523        SH:  0    Dex: 20    Spells: 10/23 levels left

rFire   + . .      SeeInvis .   E - +3 short sword "Parghiy" {speed, rPois rCorr Dex+5}
rCold   . . .      Faith    .   (no shield)
rNeg    . . .      Spirit   .   u - +1 acid dragon scales
rPois   +          Reflect  .   (no helmet)
rElec   .          Harm     .   y - +1 cloak
rCorr   +          Rampage  .   d - +2 pair of gloves
Will    .....                   j - +0 pair of boots
Stlth   +++.......              f - amulet of regeneration
HPRegen 1.02/turn               n - ring of protection from fire
MPRegen 0.17/turn               (no ring)

@: no status effects
A: fangs 1, strong nose, distributed training
a: Renounce Religion, Heroism


You were on level 9 of the Dungeon.
You worshipped Okawaru.
Okawaru was pleased with you.
You visited 2 branches of the dungeon, and saw 12 of its levels.

You collected 545 gold pieces.
You spent 22 gold pieces at shops.

Inventory:

Hand Weapons
 g - the +9 short sword "Dragonbane" {chaos, rC+}
   (You took it off a kobold brigand on level 5 of the Dungeon)

   Each time it hits an enemy it has a different, random effect.
   rC:        It protects you from cold.
 k - a +2 whip of flaming
 l - a +2 flail of protection
 o - a +2 dagger of venom
 v - a +2 vorpal mace
 E - the +3 short sword "Parghiy" (weapon) {speed, rPois rCorr Dex+5}
   (You found it on level 5 of the Dungeon)

   Attacks with this weapon are significantly faster.
   Dex:       It affects your dexterity (+5).
   rPois:     It protects you from poison.
   rCorr:     It protects you from acid and corrosion.
Missiles
 e - 10 poisoned darts
 h - 6 boomerangs
Armour
 d - a +2 pair of gloves (worn)
 j - a +0 pair of boots (worn)
 u - +1 acid dragon scales (worn)
 y - a +1 cloak (worn)
 A - a +0 plate armour
Jewellery
 f - an amulet of regeneration (around neck)
 n - a ring of protection from fire (left hand)
 r - an amulet of reflection
Scrolls
 q - a scroll of silence
 C - a scroll of torment
Potions
 c - 3 potions of attraction
 i - 3 potions of brilliance
 w - a potion of flight
 z - 2 potions of heal wounds
 F - a potion of might


   Skills:
 + Level 4.9 Fighting
 + Level 4.9 Short Blades
 + Level 8.2 Long Blades
 + Level 4.9 Axes
 + Level 4.9 Maces & Flails
 + Level 4.9 Polearms
 + Level 4.9 Staves
 + Level 4.9 Slings
 + Level 4.9 Bows
 + Level 4.9 Crossbows
 + Level 4.9 Throwing
 + Level 8.2 Armour
 + Level 4.9 Dodging
 + Level 5.5 Stealth
 + Level 4.9 Shields
 + Level 4.9 Unarmed Combat
 + Level 7.1 Spellcasting
 + Level 4.0 Conjurations
 + Level 4.0 Hexes
 + Level 4.6 Summonings
 + Level 4.0 Necromancy
 + Level 4.0 Translocations
 + Level 4.0 Transmutations
 + Level 4.0 Fire Magic
 + Level 4.0 Ice Magic
 + Level 4.0 Air Magic
 + Level 4.0 Earth Magic
 + Level 4.0 Poison Magic
 + Level 5.3 Invocations
 + Level 4.9 Evocations


You had 10 spell levels left.
You knew the following spells:

 Your Spells              Type           Power      Damage    Failure   Level
b - Foxfire               Conj/Fire      56%        2x1d6     4%          1
c - Apportation           Tloc           28%        N/A       4%          1
d - Ensorcelled Hibernat  Hex/Ice        28%        N/A       6%          2
e - Portal Projectile     Hex/Tloc       28%        N/A       13%         3
f - Gell's Gravitas       Tloc           14%        N/A       13%         3
g - Spider Form           Tmut/Pois      14%        N/A       13%         3

Your spell library contained the following spells:

 Spells                   Type           Power      Damage    Failure   Level
 Conjure Flame            Conj/Fire      14%        6-21      13%         3
 Inner Flame              Hex/Fire       14%        N/A       13%         3
 Lesser Beckoning         Tloc           14%        N/A       13%         3
 Teleport Other           Tloc           14%        N/A       13%         3
 Anguish                  Hex/Necr       7%         N/A       38%         4
 Flame Wave               Conj/Fire      14%        2d6       38%         4
 Alistair's Intoxication  Tmut/Pois      9%         N/A       75%         5
 Blade Hands              Tmut           7%         N/A       75%         5
 Irradiate                Conj/Tmut      7%         3d15      75%         5
 Dragon Form              Tmut           7%         N/A       100%        7
 Summon Small Mammal      Summ           Unusable   N/A       N/A         1
 Call Canine Familiar     Summ           Unusable   N/A       N/A         3
 Summon Guardian Golem    Hex/Summ       Unusable   N/A       N/A         3
 Tukima's Dance           Hex            Unusable   N/A       N/A         3

Dungeon Overview and Level Annotations

Branches:
Dungeon (11/15)            Temple (1/1) D:6            Lair (0/6) D:10
    Orc: D:9-12

Altars:
Cheibriados
Dithmenos
Elyvilon
Fedhas
Gozag
Hepliaklqana
Kikubaaqudgha
Makhleb
Nemelex Xobeh
Okawaru
Qazlal
Ru
Sif Muna
Trog
Uskayaw
Vehumet
Wu Jian
Xom
The Shining One

Shops:
D:4 *   D:6 :

Portals:
Abyss: D:4

Annotations:
D:4 1 transporter, testman's ghost, amateur DDNe
D:8 exclusion: 5 oklob plants
D:10 Erolcha; Harold
D:11 Nergalle


Innate Abilities, Weirdness & Mutations

You have very sharp teeth.
Your uncanny sense of smell can sniff out nearby items.
Your experience applies equally to all skills.


Message History

* * * LOW HITPOINT WARNING * * *
You hear some strange, mumbled words.
Something tries to affect you, but you resist.
You open the door. Something barely misses you.
Something bites you but does no damage. The yak gores you!
* * * LOW HITPOINT WARNING * * *
Erolcha closely misses you.
Found a stone staircase leading up.
There is an open door here.
The yak attacks as you move away! The yak closely misses you.
Erolcha casts a spell.
Erolcha flickers and vanishes!
The yak gores you.
* * * LOW HITPOINT WARNING * * *
There is a stone staircase leading up here.
The yak barely misses you. Something hits you.
* * * LOW HITPOINT WARNING * * *
Something bites you but does no damage.
You climb upwards.
Reactivating autopickup.
There is a stone staircase leading down here.
Unknown command.
The yak attacks as you move away! The yak gores you.
* * * LOW HITPOINT WARNING * * *
Found a scroll of identify.
You hit the yak.
The yak is lightly wounded.
You puncture the yak!
The yak is moderately wounded.
The yak gores you but does no damage. Something hits you but does no damage.
Deactivating autopickup; reactivate with Ctrl-A.
Something barely misses you.
You hit the yak.
The yak is moderately wounded.
Something hits you.
* * * LOW HITPOINT WARNING * * *
Something bites you but does no damage. The yak barely misses you.
A yak is nearby!
Something hits you!
You die...

..
....#....
... ...#...
#..##.....#
#......?..#
.........
#.##...#.#
#........#
#......Y.#
.......#@#
.#####.#.#
#...# #####


You could see a yak.

Vanquished Creatures
  Pikel (D:5)
  An oklob plant (D:8)
  Maggie (D:7)
  4 wandering mushrooms (D:8)
  Edmund (D:5)
  3 water moccasins
  2 orc warriors
  2 sky beasts (D:7)
  A phantom (D:7)
  3 kobold brigands
  A gnoll sergeant (D:7)
  2 scorpions
  8 wights (D:8)
  5 killer bees (D:8)
  2 electric eels
  A hound (D:5)
  Crazy Yiuf (D:7)
  5 orc priests
  3 iguanas
  9 orc wizards
  Natasha (twice) (D:4)
  6 adders
  3 gnolls (D:7)
  A shadow imp (D:6)
  A worm (D:5)
  3 dart slugs
  27 orcs
  9 ball pythons
  4 endoplasms
  2 giant cockroaches (D:2)
  4 goblins
  7 hobgoblins
  4 jackals (D:3)
  12 kobolds
  A quokka (D:3)
  A bat (D:1)
  A frilled lizard (D:2)
  A rat (D:2)
145 creatures vanquished.

Vanquished Creatures (collateral kills)
  A lemure (D:5)
  Natasha (D:4)
  2 orcs
  A bat (D:1)
5 creatures vanquished.

Vanquished Creatures (others)
  350 foxfires
  7 plants (D:8)
  5 withered plants (D:8)
362 creatures vanquished.

Grand Total: 512 creatures vanquished

Notes
Turn   | Place    | Note
-------+----------+-------------------------------------------
     0 | D:1      | MechDurjaeses the Gnoll Wanderer began the quest for the
                  | Orb.
     0 | D:1      | MechDurjaeses set off with the following items: a +2
                  | falchion, a +0 ring mail, a potion of attraction; and the
                  | following spell memorised: Summon Small Mammal; and the
                  | following spells available to memorise: Summon Guardian
                  | Golem
     0 | D:1      | Reached XP level 1. HP: 13/13 MP: 6/6
   172 | D:1      | Reached XP level 2. HP: 11/19 MP: 7/7
  1068 | D:2      | Reached skill level 5 in Spellcasting
  1068 | D:2      | Reached XP level 3. HP: 19/25 MP: 5/9
  1286 | D:2      | Learned a level 1 spell: Foxfire
  1510 | D:2      | Reached skill level 1 in Invocations
  1871 | D:2      | Reached skill level 1 in Fighting
  1871 | D:2      | Reached skill level 1 in Short Blades
  1871 | D:2      | Reached skill level 1 in Axes
  1871 | D:2      | Reached skill level 1 in Maces & Flails
  1871 | D:2      | Reached skill level 1 in Polearms
  1871 | D:2      | Reached skill level 1 in Staves
  1871 | D:2      | Reached skill level 1 in Slings
  1871 | D:2      | Reached skill level 1 in Bows
  1871 | D:2      | Reached skill level 1 in Crossbows
  1871 | D:2      | Reached skill level 1 in Throwing
  1871 | D:2      | Reached skill level 1 in Dodging
  1871 | D:2      | Reached skill level 1 in Shields
  1871 | D:2      | Reached skill level 1 in Unarmed Combat
  1871 | D:2      | Reached skill level 1 in Evocations
  2111 | D:2      | Found a faded altar of an unknown god.
  2119 | D:2      | Prayed at the altar of an unknown god.
  2119 | D:2      | Became a worshipper of Fedhas Madash
  2119 | D:2      | Reached * piety under Fedhas
  2364 | D:3      | Found a snail-covered altar of Cheibriados.
  2602 | D:3      | Reached XP level 4. HP: 32/32 MP: 11/11
  2894 | D:3      | Found an opulent altar of Gozag.
  3241 | D:3      | Reached skill level 1 in Conjurations
  3241 | D:3      | Reached skill level 1 in Hexes
  3241 | D:3      | Reached skill level 1 in Necromancy
  3241 | D:3      | Reached skill level 1 in Translocations
  3241 | D:3      | Reached skill level 1 in Transmutations
  3241 | D:3      | Reached skill level 1 in Fire Magic
  3241 | D:3      | Reached skill level 1 in Ice Magic
  3241 | D:3      | Reached skill level 1 in Air Magic
  3241 | D:3      | Reached skill level 1 in Earth Magic
  3241 | D:3      | Reached skill level 1 in Poison Magic
  3448 | D:4      | Noticed an ancient zyme
  3471 | D:4      | Noticed a kobold brigand
  3490 | D:4      | Found a one-way gate to the infinite horrors of the Abyss.
  3490 | D:4      | Noticed testman's ghost (amateur DDNe)
  3493 | D:4      | Noticed a small abomination
  3497 | D:4      | Found Vyeni's General Store.
  3532 | D:4      | Reached XP level 5. HP: 37/37 MP: 5/12
  3553 | D:4      | Bought a scroll of identify for 22 gold pieces
  3558 | D:4      | Found a transporter.
  3560 | D:4      | Found a transporter.
  3767 | D:4      | Reached ** piety under Fedhas
  3792 | D:4      | Found a shimmering altar of Xom.
  3820 | D:4      | Noticed Natasha
  3846 | D:4      | Killed Natasha
  4568 | D:4      | Learned a level 1 spell: Apportation
  4751 | D:4      | Found a bloodstained altar of Trog.
  4760 | D:4      | Noticed Natasha
  4763 | D:4      | Killed Natasha
  4764 | D:4      | Reached XP level 6. HP: 42/44 MP: 13/13
  4806 | D:4      | Noticed Natasha
  4816 | D:4      | Killed Natasha
  4991 | D:5      | Entered Level 5 of the Dungeon
  4991 | D:5      | Found a large runed translucent door.
  4991 | D:5      | Found a large runed translucent door.
  4991 | D:5      | Found a shimmering altar of Xom.
  4998 | D:5      | Identified the +9 short sword "Dragonbane" {chaos, rC+}
  5105 | D:5      | Noticed Pikel
  5163 | D:5      | Killed Pikel
  5164 | D:5      | Reached XP level 7. HP: 34/51 MP: 0/15
  5311 | D:5      | Noticed Edmund
  5379 | D:5      | Killed Edmund
  5380 | D:5      | Reached XP level 8. HP: 18/57 MP: 1/16
  5816 | D:5      | Found an iron altar of Okawaru.
  5829 | D:5      | Fell from the grace of Fedhas
  5829 | D:5      | Became a worshipper of Warmaster Okawaru
  6091 | D:5      | Identified the +3 short sword "Parghiy" {speed, rPois rCorr
                  | Dex+5}
  6542 | D:6      | Found Mooneri's Book Shop.
  6605 | D:6      | Found an ornate altar of the Wu Jian Council.
  6612 | D:6      | Learned a level 2 spell: Ensorcelled Hibernation
  6739 | D:6      | Found a staircase to the Ecumenical Temple.
  6763 | Temple   | Entered the Ecumenical Temple
  7024 | D:6      | Found a white marble altar of Elyvilon.
  7237 | D:7      | Noticed Maggie
  7297 | D:7      | Reached XP level 9. HP: 45/65 MP: 18/18
  7310 | D:7      | Learned a level 3 spell: Portal Projectile
  7355 | D:7      | Reached * piety under Okawaru
  7618 | D:7      | Killed Maggie
  7703 | D:7      | Reached ** piety under Okawaru
  7780 | D:7      | Reached skill level 5 in Stealth
  7812 | D:7      | Learned a level 3 spell: Gell's Gravitas
  7816 | D:7      | Learned a level 3 spell: Spider Form
  7994 | D:7      | Found a runed translucent door.
  7995 | D:7      | Noticed Crazy Yiuf
  8015 | D:7      | Killed Crazy Yiuf
  8279 | D:8      | Found an ancient bone altar of Kikubaaqudgha.
  8283 | D:8      | Found a blossoming altar of Fedhas.
  8458 | D:8      | Reached skill level 5 in Invocations
  8698 | D:8      | Noticed a wandering mushroom
  8698 | D:8      | Noticed a wandering mushroom
  8698 | D:8      | Noticed an oklob plant
  8698 | D:8      | Noticed an oklob plant
  8698 | D:8      | Noticed a wandering mushroom
  8698 | D:8      | Noticed an oklob plant
  8764 | D:8      | Killed a wandering mushroom
  8864 | D:8      | Noticed an oklob plant
  8864 | D:8      | Noticed an oklob plant
  8938 | D:8      | Reached XP level 10. HP: 73/73 MP: 20/20
  9432 | D:8      | Noticed an oklob plant
  9458 | D:8      | Killed an oklob plant
  9834 | D:8      | You fall into a shaft and drop 3 floors!
  9839 | D:11     | Noticed Nergalle
  9859 | D:10     | Entered Level 10 of the Dungeon
  9867 | D:10     | Noticed Harold
  9878 | D:10     | Noticed Erolcha
  9906 | D:9      | Slain by a vampire

Illustrated notes

Levels and vault maps discovered:
D:1:      kilobyte_arrival_exit_the_forest, layout_loops_ring
D:2:      layout_basic, basic_ecumenical_altar, minmay_bisected
D:3:      layout_loops_corners, mainiacjoe_overflow_alcove_1,
          nicolae_overflow_hidden_temple
D:4:      layout_loops_ring, mainiacjoe_overflow_swirl, serial_shops,
          nicolae_shop_advertising_works [nicolae_subvault_shop_adworks],
          gammafunk_ghost_abyssal_escape, uniq_natasha
D:5:      due_chaos_kobolds, layout_gridville, okawaru_metal_pillars_1_2,
          serial_glass, glass_columns_c, glass_columns_b, uniq_edmund,
          uniq_pikel
D:6:      layout_cave_pools, nzn_wu_jian_contemplation,
          mainiacjoe_overflow_chevrons, minmay_temple_entry_waves,
          dk_vineyard_3, kennysheep_path_1, nicolae_stop_n_shop_1
D:7:      layout_cave_pools, uniq_crazy_yiuf_cottage, uniq_maggie
D:8:      layout_basic, grunt_temple_overflow_growth_and_decay
D:9:      layout_stronghold, minmay_orc_entry_guard_dogs,
          minmay_mirror_moons_of_madness, uniq_gastronok
D:10:     layout_stronghold, zin_scriptorium, lair_entry_dummy, uniq_harold,
          uniq_erolcha
D:11:     layout_cave_pools, minmay_fractal_squares_gapless_5, uniq_urug,
          uniq_maurice, uniq_nergalle
Temple:   zaba_magenta_temple

Skill      XL: |  1  2  3  4  5  6  7  8  9 10 |
---------------+-------------------------------+-----
Summonings     | 2 3 4 |  4.6
Spellcasting   | 5 6 7 |  7.1
Invocations    | 1 2 3 4 5 |  5.3
Fighting       | 1 2 3 4 |  4.9
Short Blades   | 1 2 3 4 |  4.9
Axes           | 1 2 3 4 |  4.9
Maces & Flails | 1 2 3 4 |  4.9
Polearms       | 1 2 3 4 |  4.9
Staves         | 1 2 3 4 |  4.9
Slings         | 1 2 3 4 |  4.9
Bows           | 1 2 3 4 |  4.9
Crossbows      | 1 2 3 4 |  4.9
Throwing       | 1 2 3 4 |  4.9
Dodging        | 1 2 3 4 |  4.9
Shields        | 1 2 3 4 |  4.9
Unarmed Combat | 1 2 3 4 |  4.9
Evocations     | 1 2 3 4 |  4.9
Conjurations   | 1 2 3 4 |  4.0
Hexes          | 1 2 3 4 |  4.0
Necromancy     | 1 2 3 4 |  4.0
Translocations | 1 2 3 4 |  4.0
Transmutations | 1 2 3 4 |  4.0
Fire Magic     | 1 2 3 4 |  4.0
Ice Magic      | 1 2 3 4 |  4.0
Air Magic      | 1 2 3 4 |  4.0
Earth Magic    | 1 2 3 4 |  4.0
Poison Magic   | 1 2 3 4 |  4.0
Stealth        | 3 4 5 |  5.5
Long Blades    | 7 8 |  8.2
Armour         | 7 8 |  8.2

Action                   |  1- 3 |  4- 6 |  7- 9 | 10-12 || total
-------------------------+-------+-------+-------+-------++-------
Melee: Falchion          |    48 |       |       |       ||    48
       Short sword       |    18 |   166 |   270 |    75 ||   529
       Bite              |     3 |    14 |    41 |     9 ||    67
       Punch             |       |     4 |     9 |     4 ||    17
       Flail             |       |       |    22 |       ||    22
       Unarmed           |       |       |     9 |       ||     9
Throw: Dart              |     9 |     6 |    33 |       ||    48
       Boomerang         |       |       |     6 |       ||     6
 Cast: Summon Small Mamm |    18 |    18 |     6 |       ||    42
       Foxfire           |     8 |    35 |   102 |    47 ||   192
       Ensorcelled Hiber |       |       |     1 |       ||     1
       Portal Projectile |       |       |     2 |       ||     2
       Spider Form       |       |       |     1 |       ||     1
       Gell's Gravitas   |       |       |     1 |       ||     1
Evoke: Wand              |       |     2 |    35 |       ||    37
  Use: Scroll            |     3 |     5 |    15 |     6 ||    29
       Potion            |       |     3 |     6 |     1 ||    10
 Stab: Distracted        |     1 |       |       |       ||     1
       Sleeping          |     1 |     2 |     2 |       ||     5
       Invisible         |       |       |       |     7 ||     7
Armor: Ring mail         |    24 |    45 |    59 |       ||   128
       Acid dragon scale |       |       |    40 |    16 ||    56
Dodge: Dodged            |    31 |    56 |   150 |    35 ||   272
Block: Other             |     1 |    18 |       |       ||    19

Table legend: (Time is in decaauts)
 A = Elapsed time spent in this place.
 B = Non-inter-level travel time spent in this place.
 C = Inter-level travel time spent in this place.
 D = Time resting spent in this place.
 E = Time spent auto-exploring this place.
 F = Levels seen in this place.
 G = Mean time per level.
                   A        B        C        D        E       F      G
               +--------+--------+--------+--------+--------+-----+--------+
         Total |   9709 |   8393 |   1316 |   1188 |   5185 |  12 |  809.1 |
       Dungeon |   9635 |   8346 |   1289 |   1188 |   5142 |  11 |  875.9 |
        Temple |     74 |     47 |     27 |      0 |     43 |   1 |   74.0 |
               +--------+--------+--------+--------+--------+-----+--------+

Top non-repeatable levels by time:
     D:8: 1544 daAuts
     D:4: 1538 daAuts
     D:5: 1454 daAuts
     D:1: 1192 daAuts
     D:2: 1142 daAuts
     D:3: 1078 daAuts
     D:7: 999 daAuts
     D:6: 613 daAuts
  Temple: 74 daAuts
    D:10: 40 daAuts
    D:11: 24 daAuts
     D:9: 4 daAuts
